 Dungeon Crawl Stone Soup version 0.27-a0-1565-gad902ab (webtiles) character file.

Game seed: 5349376655349071936

2 Meow the Skirmisher (level 1, 19/19 HPs)
             Began as a Ghoul Fighter on July 16, 2021.
             Quit the game on level 1 of the Dungeon.
             The game lasted 00:00:20 (113 turns).

Meow the Skirmisher (Ghoul Fighter)                  Turns: 113, Time: 00:00:21

Health: 19/19      AC:  6    Str: 19    XL:     1   Next: 30%
Magic:  0/0        EV:  7    Int:  3    God:
Gold:   30         SH:  8    Dex:  8    Spells: 0/0 levels left

rFire    . . .     SeeInvis .   a - +0 war axe
rCold    + . .     Faith    .   c - +0 kite shield
rNeg     + + +     Spirit   .   b - +0 scale mail
rPois    ∞         Reflect  .   (no helmet)
rElec    .         Harm     .   (no cloak)
rCorr    .         Rampage  .   (no gloves)
Will     .....                  (no boots)
Stlth    ..........             (no amulet)
HPRegen  0.06/turn              (no ring)
MPRegen  0.07/turn              (no ring)

@: no status effects
A: claws 1, cold resistance 1, negative energy resistance 3, inhibited
regeneration, torment resistance 2
a: no special abilities


You were on level 1 of the Dungeon.
You visited 1 branch of the dungeon, and saw 1 of its levels.

You collected 30 gold pieces.

Inventory:

Hand Weapons
 a - a +0 war axe (weapon)
Armour
 b - a +0 scale mail (worn)
 c - a +0 kite shield (worn)
Potions
 d - a potion of might


   Skills:
 + Level 3.4 Fighting
 + Level 1.8 Axes
 - Level 2.6 Armour
 - Level 2.6 Shields


You couldn't memorise any spells.
You didn't know any spells.
Your spell library was empty.

Dungeon Overview and Level Annotations

Branches:
Dungeon (1/15)

Altars:


Innate Abilities, Weirdness & Mutations

You thrive by killing the living.
You are immune to poison.
You have sharp fingernails.
Your flesh is cold resistant. (rC+)
You are immune to negative energy. (rN+++)
You do not regenerate when monsters are visible.
You are immune to unholy pain and torment.


Message History

Welcome, Meow the Ghoul Fighter.
Will you prevail where others failed? Will you find the Orb of Zot?
Press ? for a list of commands and other information.
Found 16 gold pieces.
Found a staircase leading out of the dungeon.
You now have 16 gold pieces.
Found 14 gold pieces.
You now have 30 gold pieces (gained 14).
A frilled lizard comes into view.
You barely miss the frilled lizard. You block the frilled lizard's attack.
The frilled lizard bites you but does no damage.
You slash the frilled lizard!
You kill the frilled lizard!
Found a stone staircase leading down.
An endoplasm comes into view.
You barely miss the endoplasm. The endoplasm barely misses you. x2
You slash the endoplasm!
You kill the endoplasm!
There is a stone staircase leading down here.
Are you sure you want to abandon this character and quit the game? (Confirm with "yes".)

## ..##########
#.#........#
#.#.######.#
#.#......#.# #
#.####...#.#
####.#.####...#.#
.......@......#.#
.....#..####..#.#
..# #........#.#
#..#.###.#.#
#..#.....#.#
#..#######.###
#............###
#........#.....#
#.######.###.#.#


There were no monsters in sight!

Vanquished Creatures
  An endoplasm (D:1)
  A frilled lizard (D:1)
2 creatures vanquished.

Notes
Turn   | Place    | Note
-------+----------+-------------------------------------------
     0 | D:1      | Meow the Ghoul Fighter began the quest for the Orb.
     0 | D:1      | Reached XP level 1. HP: 19/19 MP: 0/0
   113 | D:1      | Quit the game

Illustrated notes

Levels and vault maps discovered:
D:1:      minmay_arrival_arboretum_small, layout_basic, wad_floor_pattern_1,
          grunt_decor_resistance, ebering_dispersal_statue_hall

Action                   || total
-------------------------++-------
Melee: War axe           ||     4
Armor: Scale mail        ||     1
Dodge: Dodged            ||     2
Block: Kite shield       ||     1

Table legend: (Time is in decaauts)
 A = Elapsed time spent in this place.
 B = Non-inter-level travel time spent in this place.
 C = Inter-level travel time spent in this place.
 D = Time resting spent in this place.
 E = Time spent auto-exploring this place.
 F = Levels seen in this place.
 G = Mean time per level.
                   A        B        C        D        E       F      G
               +--------+--------+--------+--------+--------+-----+--------+
         Total |    115 |    115 |      0 |      0 |     97 |   1 |  115.0 |
       Dungeon |    115 |    115 |      0 |      0 |     97 |   1 |  115.0 |
               +--------+--------+--------+--------+--------+-----+--------+

Top non-repeatable levels by time:
     D:1: 115 daAuts
